 Dungeon Crawl Stone Soup version 0.21.1-1-g345015fe64 (webtiles) character file.

17936 Lavandula the Cleaver (level 12, -3/80 HPs)
             Began as a Barachi Earth Elementalist on July 27, 2018.
             Was the Champion of Cheibriados.
             Killed from afar by emmagoldmann2017's ghost (26 damage)
             ... with a stone arrow
             ... on level 12 of the Dungeon.
             The game lasted 00:37:36 (5143 turns).

Lavandula the Cleaver (Barachi Earth Elementalist)  Turns: 5143, Time: 00:37:36

Health: -3/80      AC: 17    Str: 26    XL:     12   Next: 53%
Magic:  2/23       EV: 14    Int: 36    God:    Cheibriados [******]
Gold:   62         SH:  0    Dex: 32    Spells: 5/26 levels left

rFire    . . .     SeeInvis +   T - +5 war axe
rCold    . . .     Gourm    .   (no shield)
rNeg     + + .     Faith    .   R - +2 chain mail of Surprise {rN+ MR+ Dex+4}
rPois    .         Spirit   .   r - +0 helmet of Vegg {rN+ Str+2}
rElec    .         Reflect  .   (no cloak)
rCorr    .         Harm     .   t - +1 pair of gloves
MR       +....                  W - +1 pair of boots
Stlth    +.........             (no amulet)
HPRegen  0.23/turn              Q - ring of see invisible
MPRegen  0.18/turn              a - ring of stealth

@: about to teleport, very slow
A: +LOS, swims, slowness 1, strong legs 1
a: Hop, Bend Time, Temporal Distortion, Slouch, Step From Time, Renounce
Religion


You were on level 12 of the Dungeon.
You worshipped Cheibriados.
Cheibriados was exalted by your worship.
You were not hungry.

You visited 1 branch of the dungeon, and saw 13 of its levels.

You collected 542 gold pieces.
You spent 480 gold pieces at shops.

Inventory:

Hand Weapons
 s - a +0 blowgun
 B - a +1 flail of draining
 K - a +0 war axe of flaming
 P - a +2 dagger of electrocution
 T - a +5 war axe (weapon)
Missiles
 b - 161 stones (quivered)
 j - 4 javelins of penetration
 w - 8 curare-tipped needles
Armour
 c - a +0 robe
 f - a +0 ring mail
 i - a +0 buckler
 r - the +0 helmet of Vegg (worn) {rN+ Str+2}
   (You found it on level 10 of the Dungeon)

   It affects your strength (+2).
   It protects you from negative energy.
 t - a +1 pair of gloves (worn)
 I - a +3 chain mail
 R - the +2 chain mail of Surprise (worn) {rN+ MR+ Dex+4}
   (You found it on level 10 of the Dungeon)

   It affects your dexterity (+4).
   It protects you from negative energy.
   It affects your resistance to hostile enchantments.
 S - a +0 ring mail
 U - a +0 troll leather armour
 W - a +1 pair of boots (worn)
Jewellery
 a - a ring of stealth (right hand)
 Q - a ring of see invisible (left hand)
Wands
 x - a wand of clouds (6)
 G - a wand of iceblast (6)
 O - a wand of scattershot (1)
Scrolls
 l - a scroll of random uselessness {unknown}
 n - a scroll of magic mapping {unknown}
 o - a scroll of enchant armour {unknown}
 p - a scroll of noise {unknown}
 u - 2 scrolls of enchant weapon
 y - a scroll of immolation {unknown}
 C - a scroll of teleportation
 E - 3 scrolls of amnesia
 J - 2 scrolls of fog
Potions
 g - 8 potions of curing
 k - a potion of agility {unknown}
 m - 3 potions of brilliance
 q - 2 potions of lignification {unknown}
 v - 2 potions of invisibility {unknown}
 z - 2 potions of cancellation {unknown}
 A - 2 potions of magic {unknown}
 M - a potion of berserk rage {unknown}
 N - 3 potions of might
 V - a potion of haste {unknown}
Books
 e - a book of Geomancy

   Spells                             Type                      Level
   a - Sandblast                      Earth                        1
   b - Passwall                       Transmutation/Earth          2
   c - Stone Arrow                    Conjuration/Earth            3
   d - Petrify                        Transmutation/Earth          4
   e - Lee's Rapid Deconstruction     Earth                        5
 D - a book of Necromancy

   Spells                             Type                      Level
   a - Pain                           Necromancy                   1
   b - Animate Skeleton               Necromancy                   1
   c - Vampiric Draining              Necromancy                   3
   d - Regeneration                   Charms/Necromancy            3
   e - Animate Dead                   Necromancy                   4
   f - Borgnjor's Vile Clutch         Necromancy/Earth             5
 F - a book of Maledictions

   Spells                             Type                      Level
   a - Corona                         Hexes                        1
   b - Ensorcelled Hibernation        Hexes/Ice                    2
   c - Confuse                        Hexes                        3
   d - Tukima's Dance                 Hexes                        3
   e - Dazzling Spray                 Conjuration/Hexes            3
Miscellaneous
 h - a lamp of fire (inert)
Comestibles
 d - 7 rations


   Skills:
 - Level 2.6 Fighting
 + Level 10.0(10.8) Axes
 - Level 6.8(9.4) Maces & Flails
 - Level 5.0 Armour
 - Level 6.1 Dodging
 - Level 1.7 Stealth
 - Level 7.9 Spellcasting
 - Level 5.5 Necromancy
 - Level 1.1 Transmutations
 - Level 9.4 Earth Magic
 - Level 6.6 Invocations
 - Level 3.2 Evocations


You had 5 spell levels left.
You knew the following spells:

 Your Spells              Type           Power        Failure   Level  Hunger
a - Sandblast             Erth           ######       1%          1    None
b - Stone Arrow           Conj/Erth      #####.       7%          3    None
c - Petrify               Tmut/Erth      ######..     19%         4    None
d - Lee's Rapid Deconstr  Erth           ######....   10%         5    ###....
e - Regeneration          Chrm/Necr      ####......   16%         3    None
f - Borgnjor's Vile Clut  Necr/Erth      ######....   22%         5    ###....


Dungeon Overview and Level Annotations

Branches:
Dungeon (13/15)              Lair (0/6) D:8             Orc (0/2) D:12
 Temple: D:4-7       Vaults: D:13-14

Altars:
Ashenzari
Cheibriados
Elyvilon
Sif Muna
Uskayaw
Wu Jian
Xom
Zin
Beogh

Shops:
D:9 !   D:11 [

Annotations:
D:12 emmagoldmann2017's ghost, journeyman GrEE


Innate Abilities, Weirdness & Mutations

Shadows flee at your approach. (+LOS)
You can swim through water.
You cover ground slowly.
You can hop short distances.


Message History

You hit emmagoldmann2017's ghost but do no damage.
Emmagoldmann2017's ghost is moderately damaged.
Emmagoldmann2017's ghost is engulfed in blazing flames.
Emmagoldmann2017's ghost hits you but does no damage.
You closely miss emmagoldmann2017's ghost.
Emmagoldmann2017's ghost is moderately damaged.
You feel sick.
Emmagoldmann2017's ghost casts a spell at you.
The blast of sand misses you.
As you read the scroll of teleportation, it crumbles to dust.
You feel strangely unstable.
Emmagoldmann2017's ghost points at you and mumbles some strange words.
The stone arrow hits you!
* * * LOW HITPOINT WARNING * * *
Unknown command.
You feel better.
Emmagoldmann2017's ghost says very slowly, "There's no hope."
Emmagoldmann2017's ghost casts a spell at you.
The stone arrow hits you!
You die...

.........#.o.o ........# .
.........#... ........#
........8.. #.......#### ......'.
#........... #####...o8
#.######.... #...'....# #.' #....
.. #...§#### #.#....#.... ...
#.§§.§§§#######.#....#.... ...#
#..)÷..[W@......#....#.... ...#
#..(##'###......#....#.... ...#
#...#....#......#....#....
...#####)..#....#......#..:.#....
.......W)(.#....#......# ...#....
.....).....######......####'#....
....)).................).......##
...............................#
.()..).........................#


You could see emmagoldmann2017's ghost.

Vanquished Creatures
  2 hydras (D:12)
  Erica (D:11)
  The ghost of GeorgeFormbyGrill the Slinger, a journeyman GrBe of Trog (D:10)
  5 two-headed ogres
  The ghost of motoroller71 the Ducker, a novice GnGl (D:6)
  2 orc knights (D:12)
  A deep elf mage (D:12)
  An ugly thing (D:9)
  5 trolls
  A hornet (D:10)
  6 slime creatures (D:12)
  A wraith (D:10)
  3 yaks (D:9)
  A wyvern (D:9)
  2 vampire mosquitoes (D:12)
  A black bear (D:6)
  2 sky beasts
  5 ice beasts
  9 orc warriors
  4 ogres
  3 necrophages (D:9)
  4 big kobolds
  9 centaurs
  3 bullfrogs
  A wyvern skeleton (D:10)
  3 scorpions
  2 killer bees (D:6)
  11 wights
  An electric eel (D:8)
  A howler monkey (D:6)
  6 crimson imps
  3 centaur zombies
  A quasit (D:10)
  2 bullfrog skeletons
  10 hounds
  2 jellies
  7 orc wizards
  7 orc priests
  A centaur skeleton (D:12)
  4 iguanas
  9 worker ants
  The ghost of advs0220 the Skirmisher, a weakling DsBe of Trog (D:4)
  2 hound zombies
  A howler monkey zombie (D:9)
  A mummy (D:9)
  3 howler monkey skeletons
  6 gnolls
  7 adders
  2 shadow imps
  An ooze (D:5)
  An adder skeleton (D:9)
  2 worms (D:2)
  A dart slug (D:3)
  6 leopard geckos
  27 orcs
  3 giant cockroaches
  8 goblins
  9 hobgoblins
  11 jackals
  6 quokkas
  6 bats
  4 frilled lizards
  65 kobolds
  4 rats
  2 butterflies (D:6)
323 creatures vanquished.

Notes
Turn   | Place    | Note
-------+----------+-------------------------------------------
     0 | D:1      | Lavandula the Barachi Earth Elementalist began the quest for the Orb.
     0 | D:1      | Reached XP level 1. HP: 13/13 MP: 3/3
    33 | D:1      | Reached XP level 2. HP: 19/19 MP: 0/5
   252 | D:2      | Reached XP level 3. HP: 11/24 MP: 1/8
   566 | D:3      | Found an ornate altar of the Wu Jian Council.
   567 | D:3      | Found a deep blue altar of Sif Muna.
   567 | D:3      | Found a shattered altar of Ashenzari.
   577 | D:3      | Reached XP level 4. HP: 22/30 MP: 2/10
   578 | D:3      | Found a hide-covered altar of Uskayaw.
   578 | D:3      | Found a snail-covered altar of Cheibriados.
   584 | D:3      | Found a white marble altar of Elyvilon.
   585 | D:3      | Found a shimmering altar of Xom.
   594 | D:3      | Became a worshipper of Cheibriados the Contemplative
   701 | D:1      | Learned a level 3 spell: Stone Arrow
   831 | D:3      | Learned a level 4 spell: Petrify
   853 | D:3      | Reached * piety under Cheibriados
   921 | D:3      | Reached XP level 5. HP: 32/35 MP: 0/11
   995 | D:3      | Reached ** piety under Cheibriados
  1114 | D:3      | Noticed a big kobold
  1118 | D:3      | Killed a big kobold
  1124 | D:3      | Reached skill level 5 in Earth Magic
  1124 | D:3      | Reached XP level 6. HP: 29/41 MP: 1/12
  1160 | D:3      | Reached *** piety under Cheibriados
  1222 | D:4      | Noticed advs0220's ghost (weakling DsBe)
  1225 | D:4      | Killed advs0220's ghost
  1238 | D:4      | Learned a level 5 spell: Lee's Rapid Deconstruction
  1302 | D:5      | Entered Level 5 of the Dungeon
  1518 | D:5      | Reached XP level 7. HP: 44/46 MP: 9/13
  1735 | D:6      | Reached XP level 8. HP: 33/52 MP: 2/14
  1809 | D:6      | Reached **** piety under Cheibriados
  1877 | D:7      | Reached skill level 1 in Maces & Flails
  1985 | D:6      | Noticed motoroller71's ghost (novice GnGl)
  1997 | D:6      | Killed motoroller71's ghost
  1997 | D:6      | Reached XP level 9. HP: 49/62 MP: 5/15
  2036 | D:6      | Found a runed door.
  2048 | D:6      | Found a runed door.
  2102 | D:7      | Reached skill level 5 in Spellcasting
  2228 | D:7      | Reached skill level 1 in Armour
  2246 | D:7      | Reached ***** piety under Cheibriados
  2416 | D:7      | Reached skill level 5 in Armour
  2424 | D:8      | Noticed a two-headed ogre
  2432 | D:8      | Killed a two-headed ogre
  2432 | D:8      | Reached skill level 5 in Dodging
  2432 | D:8      | Reached XP level 10. HP: 51/68 MP: 9/18
  2448 | D:8      | Noticed a two-headed ogre
  2457 | D:8      | Learned a level 3 spell: Regeneration
  2536 | D:8      | Killed a two-headed ogre
  2747 | D:8      | Learned a level 5 spell: Borgnjor's Vile Clutch
  2795 | D:8      | Found a staircase to the Lair.
  2867 | D:9      | Reached skill level 1 in Necromancy
  3037 | D:9      | Found a glowing silver altar of Zin.
  3126 | D:10     | Entered Level 10 of the Dungeon
  3182 | D:9      | Found Kuraprig's Distillery.
  3191 | D:9      | Bought a potion of curing for 45 gold pieces
  3191 | D:9      | Bought a potion of brilliance for 60 gold pieces
  3191 | D:9      | Bought a potion of curing for 45 gold pieces
  3191 | D:9      | Bought a potion of curing for 45 gold pieces
  3191 | D:9      | Bought a potion of degeneration for 15 gold pieces
  3261 | D:9      | Noticed a brown ugly thing
  3263 | D:9      | Killed a brown ugly thing
  3263 | D:9      | Reached skill level 5 in Necromancy
  3362 | D:10     | Got an ancient chain mail
  3399 | D:10     | Identified the +2 chain mail of Surprise {rN+ MR+ Dex+4} (You found it on level 10 of the Dungeon)
  3462 | D:10     | Reached ****** piety under Cheibriados
  3473 | D:10     | Noticed GeorgeFormbyGrill's ghost (journeyman GrBe)
  3496 | D:10     | Killed GeorgeFormbyGrill's ghost
  3496 | D:10     | Reached XP level 11. HP: 35/74 MP: 1/22
  3521 | D:10     | Got a distressingly furry helmet
  3530 | D:10     | Identified the +0 helmet of Vegg {rN+ Str+2} (You found it on level 10 of the Dungeon)
  3640 | D:11     | Reached skill level 1 in Invocations
  3664 | D:11     | Noticed a two-headed ogre
  3667 | D:11     | Killed a two-headed ogre
  3908 | D:12     | Noticed a four-headed hydra
  3996 | D:11     | Noticed Erica
  4000 | D:11     | Killed Erica
  4000 | D:11     | Reached skill level 5 in Invocations
  4027 | D:11     | Noticed a two-headed ogre
  4033 | D:11     | Killed a two-headed ogre
  4158 | D:11     | Found Rumoew's Antique Armour Shoppe.
  4170 | D:11     | Bought a pair of runed boots for 270 gold pieces
  4325 | D:12     | Killed a four-headed hydra
  4325 | D:12     | Reached skill level 3 in Axes
  4355 | D:12     | Noticed a seven-headed hydra
  4360 | D:12     | Killed a six-headed hydra
  4360 | D:12     | Reached skill level 4 in Axes
  4428 | D:12     | Reached skill level 5 in Axes
  4448 | D:12     | Reached XP level 12. HP: 64/80 MP: 4/23
  4455 | D:12     | Reached skill level 6 in Axes
  4554 | D:12     | Reached skill level 7 in Axes
  4788 | D:12     | Reached skill level 8 in Axes
  4975 | D:12     | Noticed emmagoldmann2017's ghost (journeyman GrEE)
  5029 | D:12     | Noticed a two-headed ogre
  5035 | D:12     | Killed a two-headed ogre
  5035 | D:12     | Reached skill level 9 in Axes
  5123 | D:12     | Found a roughly hewn altar of Beogh.
  5123 | D:12     | Found a staircase to the Orcish Mines.
  5134 | D:12     | Reached skill level 10 in Axes
  5143 | D:12     | Killed from afar by emmagoldmann2017's ghost

Skill      XL: |  1  2  3  4  5  6  7  8  9 10 11 12 |
---------------+-------------------------------------+-----
Spellcasting   | 3 4 5 7 |  7.9
Earth Magic    | 5 6 8 9 |  9.4
Evocations     | 2 3 |  3.2
Fighting       | 2 |  2.6
Maces & Flails | 6 |  6.8
Armour         | 5 |  5.0
Dodging        | 5 6 |  6.1
Necromancy     | 5 |  5.5
Invocations    | 6 |  6.6
Axes           | 5 10 | 10.0
Stealth        | |  1.7
Transmutations | |  1.1

Action                   |  1- 3 |  4- 6 |  7- 9 | 10-12 || total
-------------------------+-------+-------+-------+-------++-------
Melee: Unarmed           |    17 |       |       |       ||    17
       Dagger            |    28 |       |       |       ||    28
       Spear             |       |    38 |    46 |       ||    84
       Flail             |       |       |    31 |       ||    31
       War axe           |       |       |       |   114 ||   114
 Cast: Sandblast         |    51 |    87 |    77 |   166 ||   381
       Stone Arrow       |       |     5 |    12 |    51 ||    68
       Lee's Rapid Decon |       |       |     4 |    14 ||    18
       Regeneration      |       |       |       |    11 ||    11
       Petrify           |       |       |       |     3 ||     3
Invok: Bend Time         |       |       |       |     1 ||     1
       Slouch            |       |       |       |     3 ||     3
 Abil: Hop               |       |       |     3 |    12 ||    15
Evoke: Wand              |       |       |     1 |    17 ||    18
       Lamp of fire      |       |       |       |     1 ||     1
  Use: Scroll            |       |     1 |       |    10 ||    11
       Potion            |       |       |       |     2 ||     2
 Stab: Confused          |       |       |     4 |       ||     4
  Eat: Chunk             |       |     2 |     3 |     8 ||    13
Armor: Robe              |    23 |    10 |       |       ||    33
       Ring mail         |       |       |    27 |    15 ||    42
       Chain mail        |       |       |       |   122 ||   122
Dodge: Dodged            |    63 |    71 |    67 |   201 ||   402
